 Dungeon Crawl Stone Soup version 0.28.0-45-g0d030f2227 (webtiles) character file.

Game seed: 17488725915171371892

134526 CryoSword the Severer (level 17, -22/156 HPs)
             Began as a Hill Orc Monk on Apr 11, 2022.
             Was the Champion of Beogh.
             Killed from afar by a nagaraja (30 damage)
             ... with a bolt of poison
             ... on level 4 of the Snake Pit.
             The game lasted 01:13:10 (38653 turns).

CryoSword the Severer (Hill Orc Monk)              Turns: 38653, Time: 01:13:10

Health: -22/156    AC: 33    Str: 22    XL:     17   Next: 17%
Magic:  30/30      EV: 10    Int: 19    God:    Beogh [******]
Gold:   565        SH:  6    Dex: 13    Spells: 16/16 levels left

rFire   + + +      SeeInvis .   L - +2 broad axe (vorpal)
rCold   + + +      Faith    +   R - +0 buckler
rNeg    . . .      Spirit   .   S - +4 plate armour of Haeser Sasmy {rC+ Will+}
rPois   .          Reflect  .   N - +0 helmet "Jiover" {rElec rF+ Int+5}
rElec   +          Harm     .   z - +2 cloak
rCorr   +          Rampage  .   d - +1 pair of gloves
Will    ++++.      Rnd*Tele +   D - +1 pair of boots
Stlth   ..........              A - amulet of faith {!P}
HPRegen 0.36/turn               t - ring of Cimen {rF+ rC+ Will+ rCorr}
MPRegen 0.22/turn               k - ring of Summer {rF+ rC+ Will+ Int+4}

@: mighty, lethally poisoned (-22 -> -40), studying Armour
A: walk on water, hooves 1, iridescent scales 1, teleportitis 1, subdued magic 1
a: Renounce Religion, Smiting, Recall Orcish Followers, Give Item to Named
Follower, Resurrection


You were on level 4 of the Snake Pit.
You worshipped Beogh.
Beogh was exalted by your worship.
You visited 4 branches of the dungeon, and saw 27 of its levels.
You also visited: Ice Cave and Volcano.

You collected 3897 gold pieces.
You spent 3332 gold pieces at shops.

Inventory:

Hand Weapons
 I - a +2 antimagic executioner's axe
   (You acquired it on level 10 of the Dungeon)
 L - a +2 vorpal broad axe (weapon)
   (You took it off an orc warrior on level 10 of the Dungeon)
 U - a +1 halberd of protection
   (You took it off a salamander in a volcano)
Missiles
 a - 39 poisoned darts
 n - 29 boomerangs
 o - 6 silver boomerangs (quivered)
 F - 4 curare-tipped darts
Armour
 d - a +1 pair of gloves (worn)
   (You found it on level 1 of the Dungeon)
 z - a +2 cloak (worn)
   (You took it off Maurice on level 9 of the Dungeon)
 D - a +1 pair of boots (worn)
   (You found it on level 7 of the Dungeon)
 N - the +0 helmet "Jiover" (worn) {rElec rF+ Int+5}
   (You bought it in a shop on level 4 of the Dungeon)

   Int:       It affects your intelligence (+5).
   rF:        It protects you from fire.
   rElec:     It insulates you from electricity.
 R - a +0 buckler (worn)
   (You found it on level 3 of the Lair of Beasts)
 S - the +4 plate armour of Haeser Sasmy (worn) {rC+ Will+}
   (You bought it in a shop on level 4 of the Dungeon)

   rC:        It protects you from cold.
   Will:      It increases your willpower.
 W - +1 fire dragon scales
   (You found it on level 6 of the Lair of Beasts)
Jewellery
 k - the ring of Summer (right hand) {rF+ rC+ Will+ Int+4}
   (You bought it in a shop on level 2 of the Orcish Mines)

   [ring of willpower]

   Int:       It affects your intelligence (+4).
   rF:        It protects you from fire.
   rC:        It protects you from cold.
   Will:      It increases your willpower.
 t - the ring of Cimen (left hand) {rF+ rC+ Will+ rCorr}
   (You acquired it on level 10 of the Dungeon)

   [ring of resist corrosion]

   rF:        It protects you from fire.
   rC:        It protects you from cold.
   rCorr:     It protects you from acid and corrosion.
   Will:      It increases your willpower.
 w - a ring of see invisible
   (You found it on level 4 of the Dungeon)
 A - an amulet of faith (around neck) {!P}
   (You found it on level 5 of the Dungeon)
Wands
 m - a wand of iceblast (13)
   (You found it on level 4 of the Dungeon)
 C - a wand of digging (29)
   (You took it off Sigmund on level 6 of the Dungeon)
 J - a wand of flame (30)
   (You found it on level 8 of the Dungeon)
Scrolls
 c - 3 scrolls of fog
 g - a scroll of silence
 i - 8 scrolls of magic mapping
 u - 13 scrolls of teleportation {@r4}
 v - 2 scrolls of blinking
 y - a scroll of brand weapon
 B - 7 scrolls of identify {@r1}
 O - a scroll of fear
Potions
 b - 5 potions of lignification {!q}
 e - 3 potions of invisibility
 f - a potion of resistance
 h - 3 potions of flight
 j - 7 potions of attraction {!q}
 l - 7 potions of might
 p - 3 potions of berserk rage
 q - 5 potions of haste {@q3}
 s - 10 potions of curing {@q1}
 E - 3 potions of ambrosia


   Skills:
 * Level 15.4 Fighting
 + Level 20.7 Axes
 * Level 14.2 Armour
 - Level 9.0 Dodging
 - Level 2.0 Stealth
 * Level 9.8 Shields
 * Level 18.9 Invocations


You had 16 spell levels left.
You didn't know any spells.
Your spell library contained the following spells:

 Spells                   Type           Power      Damage    Failure   Level
 Animate Skeleton         Necr           0%         N/A       92%         1
 Pain                     Necr           0%         1d4       92%         1
 Sting                    Tmut/Pois      0%         1d3       92%         1
 Blink                    Tloc           0%         N/A       98%         2
 Ensorcelled Hibernation  Hex/Ice        0%         N/A       98%         2
 Passwall                 Tmut/Erth      0%         N/A       98%         2
 Poisonous Vapours        Pois/Air       0%         N/A       98%         2
 Sublimation of Blood     Necr           0%         N/A       98%         2
 Wereblood                Tmut           0%         N/A       98%         2
 Conjure Flame            Conj/Fire      0%         6-21      100%        3
 Frozen Ramparts          Ice            0%         1d2       100%        3
 Gell's Gravitas          Tloc           0%         N/A       100%        3
 Ignite Poison            Fire/Tmut/Pois 0%         N/A       100%        3
 Lesser Beckoning         Tloc           0%         N/A       100%        3
 Mephitic Cloud           Conj/Pois/Air  0%         N/A       100%        3
 Spider Form              Tmut/Pois      0%         N/A       100%        3
 Swiftness                Air            0%         N/A       100%        3
 Teleport Other           Tloc           0%         N/A       100%        3
 Vampiric Draining        Necr           0%         2d6       100%        3
 Ice Form                 Ice/Tmut       0%         N/A       100%        4
 Olgreb's Toxic Radiance  Pois           0%         N/A       100%        4
 Summon Ice Beast         Ice/Summ       0%         N/A       100%        4
 Freezing Cloud           Conj/Ice/Air   0%         6-21      100%        5
 Manifold Assault         Tloc           0%         N/A       100%        5
 Storm Form               Tmut/Air       0%         N/A       100%        7
 Summon Hydra             Summ           0%         N/A       100%        7
 Fire Storm               Conj/Fire      0%         5d1       100%        9


Dungeon Overview and Level Annotations

Branches:
Dungeon (15/15)            Temple (0/1) D:7            Lair (6/6) D:8
  Swamp (0/4) Lair:3        Snake (4/4) Lair:3        Slime (0/5) Lair:5
    Orc (2/2) D:10            Elf (0/3) Orc:2        Vaults (0/5) D:13
 Depths (0/4) D:15          IceCv (visited)         Volcano (visited)

Altars:
Ashenzari
Cheibriados
Sif Muna
Wu Jian
Jiyva
Lugonu

Shops:
D:4 *   D:12 (   D:14 =(!   Orc:2 *=*?:

Portals:
Abyss: D:15*
Trove: D:10 (give +3 fire dragon scales)

Annotations:
D:4 3 runed translucent doors, duchin's ghost, amateur HOFi
D:13 1 runed translucent door, Rytynyca's ghost, journeyman GrEE
D:15 2 transporters, Gosau's ghost, journeyman DsGl


Innate Abilities, Weirdness & Mutations

You can walk on water.
You have large cloven feet.
You are partially covered in iridescent scales. (AC +2)
You are occasionally teleported next to monsters.
Your spells are a little easier to cast, but a little less powerful.


Message History

Oruk hits something from afar with the +8 demon trident "Rift" {distort, reach+}!!!
Beogh accepts your kill.
You feel a bit more experienced.
The guardian serpent hits your orc knight.
The naga closely misses Morguth.
The naga barely misses Morguth.
The guardian serpent hits your orc knight!
Morguth barely misses the naga.
Something bites Morguth!
Oruk hits the guardian serpent from afar with the +8 demon trident "Rift" {distort, reach+}!!!
Space warps around the guardian serpent.
The guardian serpent dies!
Beogh accepts your kill.
You hear an angry hiss.
The naga closely misses Oruk. x2
A naga warrior comes into view. It is wielding a +0 halberd.
Something barely misses Morguth.
Morguth completely misses something.
Your orc knight splashes around in the water.
The naga barely misses Morguth.
The naga grabs Morguth.
The naga constricts Morguth.
Something bites Morguth!
The naga warrior roars a battlecry!
The naga goes into a battle-frenzy!
Morguth closely misses something.
Oruk hits the naga from afar with the +8 demon trident "Rift" {distort, reach+}!!
The naga dies!
Beogh accepts your kill.
You hear a splash.
Something bites Morguth but does no damage.
Morguth hits something with a +3 halberd!
Oruk hits something from afar with the +8 demon trident "Rift" {distort, reach+}!!!
Beogh accepts your kill.
You feel a bit more experienced.
Boderik looks more healthy.
Oruk throws a boomerang.
The boomerang hits the naga warrior!!
A splash of poison appears from out of your range of vision.
The splash of poison hits Oruk.
Oruk looks even sicker.
Oruk hits the naga warrior with the +8 demon trident "Rift" {distort, reach+}!!
Space warps around the naga warrior!
Morguth hits the naga warrior with a +3 halberd.
The naga warrior spits poison at Morguth.
The splash of poison hits Morguth but does no damage.
Morguth is poisoned.
Oruk hits the naga warrior with the +8 demon trident "Rift" {distort, reach+}!!!
The naga warrior dies!
Beogh accepts your kill.
You hear a splash.
A nagaraja comes into view. It is wielding a +0 whip.
The nagaraja shouts!
You hear a shout!
You hear an angry hiss.
An anaconda comes into view.
Boderik throws a boomerang.
The boomerang completely misses the anaconda.
A naga sharpshooter comes into view. It is wielding a +0 flail.
The anaconda grabs Boderik.
The anaconda bites Boderik but does no damage.
The anaconda constricts Boderik.
Boderik hits the anaconda with a +0 scimitar!!
The anaconda bites Boderik!
The anaconda constricts Boderik.
The anaconda bites Boderik.
The anaconda constricts Boderik.
Boderik hits the anaconda with a +0 scimitar!!!
The anaconda dies!
Beogh accepts your kill.
Boderik looks more experienced.
Your orc knight no longer looks unusually strong.
Boderik no longer looks unusually strong.
Boderik hits the nagaraja with a +0 scimitar.
Morguth roars a battlecry!
Your orc knights go into a battle-frenzy!
Oruk no longer looks unusually strong.
Boderik hits the nagaraja with a +0 scimitar!
The nagaraja hits Boderik with a +0 whip!
The nagaraja grabs Boderik.
The nagaraja constricts Boderik.
You swap places.
Morguth looks more healthy.
Boderik hits the nagaraja with a +0 scimitar!!
The nagaraja spits poison at you.
The splash of poison hits your orc knight!
Your orc knight is poisoned.
The nagaraja constricts Boderik!
Your orc knight roars a battlecry!
Oruk goes into a battle-frenzy!
Boderik hits the nagaraja with a +0 scimitar!!
The nagaraja loses its grip on Boderik.
Morguth no longer looks unusually strong.
Your orc knight hits the nagaraja with a +0 dire flail!!!
The nagaraja dies!
Beogh accepts your kill.
Beogh blesses Jorge with healing.
The naga sharpshooter unwields a +0 flail.
The naga sharpshooter wields a +0 arbalest.
The naga sharpshooter gestures wildly while chanting.
A naga warrior comes into view.
It is wielding a +3 glaive of protection.
Boderik hits the naga sharpshooter with a +0 scimitar!!
The naga sharpshooter mumbles some strange words.
The naga sharpshooter magically shoots a bolt.
The bolt hits you but does no damage.
You hear an angry hiss.
Jorge looks more healthy.
The naga sharpshooter mumbles some strange words.
The naga sharpshooter magically shoots a bolt.
The bolt barely misses you.
Oruk barely misses something.
Jorge hits something with a +0 dire flail!!
Boderik roars a battlecry!
Morguth goes into a battle-frenzy!
Oruk hits something from afar with the +8 demon trident "Rift" {distort, reach+}!!!
Beogh accepts your kill.
You feel a bit more experienced.
Jorge hits the naga warrior with a +0 dire flail!!!
A nagaraja comes into view. It is wielding a +0 club.
The naga warrior hits Jorge with a +3 glaive of protection!
The naga warrior barely misses Jorge.
Jorge hits the naga warrior with a +0 dire flail!!
The naga warrior spits poison at you.
The splash of poison hits Jorge.
Jorge is poisoned.
Jorge hits something with a +0 dire flail!!
The naga warrior hits Jorge with a +3 glaive of protection.
The naga warrior grabs Jorge.
The naga warrior constricts Jorge.
Jorge struggles to escape constriction.
A shock serpent comes into view.
Oruk splashes around in the water.
The shock serpent shoots out a bolt of lightning at you!
The bolt of electricity hits the naga warrior!!
The bolt of electricity hits Jorge!
The bolt of electricity hits Oruk!!
Oruk dies!
You hear a splash. x4
The bolt of electricity hits you! You resist.
* * * LOW HITPOINT WARNING * * *
The naga warrior hits Jorge with a +3 glaive of protection.
The naga warrior constricts Jorge.
Jorge hits the naga warrior with a +0 dire flail!!
The naga warrior dies!
Beogh accepts your kill.
Morguth barely misses something.
Boderik hits the nagaraja with a +0 scimitar.
Jorge hits something with a +0 dire flail!
The air sparks with electricity, shocking Jorge!
Morguth splashes around in the water.
Morguth hits the nagaraja from afar with a +3 halberd!!
Jorge hits something with a +0 dire flail!!
The air sparks with electricity, shocking Jorge!
The bolt of electricity hits Jorge!!
Jorge dies!
A bolt of electricity appears from out of your range of vision.
The bolt of electricity hits Boderik!!
Boderik dies!
You hear a splash. x3
Morguth splashes around in the water.
The nagaraja gestures at you while chanting.
The bolt of poison hits you!!
You are lethally poisoned!
You die...

*,.≈≈≈,,,,,≈≈≈ *##≈.≈≈≈≈,,,≈≈≈≈
*##≈≈≈.≈≈≈≈,,,≈≈≈≈
##.†.≈≈.≈≈≈≈≈,≈≈≈≈≈ *******
##.))..N..≈≈≈≈,≈≈≈≈, *,,*,,*
***#.)###≈≈≈.≈≈≈≈,≈≈≈≈,
***,,*,,***,,#))# **≈≈.,,,,,,,,,,
*,,,**,,,,,,,#))## *≈≈≈≈≈*****≈≈≈
*,,,,,,,,,,,,##.@##*≈≈≈≈**≈≈≈**≈≈
****,,,,,,,,,,##.)#*##≈**.≈≈≈,**≈
*,,,,,,,,,,,,,,#..##)###....,,,**
*,,,,,,,,,,,,,<#..N)#)......,,,,,
**,,,,,,,,,,,,,##.≈.))#N....,,,,*
**,*********,,,##≈o#.))....,,,,,
*** **,*,,*,,,,###)##.....,,,,*
**,***,,,,,*,,,,,,###**##+#+****
**,,,*,,,,*,*,,,,,,,,,***,,,,,***


You could see a nagaraja (fast, ally target) and the friendly Morguth the orc
warlord (strong).

Vanquished Creatures
  2 nagarajas (Snake:4)
  2 blizzard demons (IceCv)
  2 ettins
  Josephine (D:14)
  A fire dragon (Lair:6)
  A vault guard (D:10)
  A boulder beetle (D:12)
  2 hydras
  3 naga warriors
  3 caustic shrike simulacra (IceCv)
  A centaur warrior (D:15)
  An anaconda (Snake:3)
  A dancing weapon (D:13)
  A tengu warrior (D:15)
  A shock serpent (Snake:4)
  3 naga sharpshooters
  A death yak (Lair:3)
  Sonja (Lair:4)
  A hell knight (Volcano)
  2 salamander mystics
  An obsidian statue (IceCv)
  A bog body (IceCv)
  5 wizards (D:15)
  A starcursed mass (D:15)
  7 spriggan simulacra (IceCv)
  A swamp dragon (Lair:6)
  A lindwurm (Lair:6)
  7 ugly things
  3 mana vipers
  2 deep elf pyromancers
  A cyclops (D:12)
  7 salamanders
  A manticore (D:13)
  A centaur zombie (D:11)
  10 elephants
  4 guardian serpents
  12 black mambas
  6 cane toads
  4 naga magi
  2 unseen horrors (D:11)
  2 torpor snails (Lair:6)
  A gargoyle (D:14)
  A komodo dragon (Lair:2)
  2 anaconda simulacra (IceCv)
  2 rime drakes
  7 entropy weaver simulacra (IceCv)
  6 freezing wraiths
  A golden dragon simulacrum (IceCv)
  3 yaktaurs (D:15)
  3 ice devils (IceCv)
  A tengu conjurer (D:15)
  A troll (Orc:1)
  3 hornets (Lair:6)
  2 polar bears
  2 tyrant leeches (Lair:6)
  A tarantella (shapeshifter) (D:13)
  Prince Ribbit (D:7)
  9 blink frogs
  A blink frog (shapeshifter) (D:14)
  A dream sheep (Lair:4)
  6 slime creatures
  Sigmund (D:6)
  19 yaks
  7 fire bats (Volcano)
  4 wraiths (D:14)
  Eustachio (D:6)
  3 basilisks
  3 wyverns
  3 steam dragons (Lair:6)
  10 vampire mosquitoes
  9 minotaur simulacra (IceCv)
  Menkaure (D:7)
  A harpy simulacrum (IceCv)
  An acid dragon (Lair:6)
  17 nagas
  Edmund (D:6)
  5 wargs
  8 water moccasins
  3 black bears
  A hydra simulacrum (IceCv)
  A sky beast (D:6)
  5 orc warriors
  2 alligator simulacra (IceCv)
  A necrophage (D:5)
  7 ogres
  8 wolves
  2 centaurs
  A phantom (D:5)
  A kobold brigand (D:7)
  6 bullfrogs
  A water moccasin zombie (D:5)
  7 deep troll simulacra (IceCv)
  5 scorpions
  A wyvern skeleton (D:5)
  5 killer bees
  3 lindwurm simulacra (IceCv)
  6 wights
  3 electric eels (Lair:3)
  6 howler monkeys
  7 lava snakes (Volcano)
  2 jellies
  4 orc priests
  A bullfrog skeleton (D:5)
  4 hounds
  A centaur skeleton (D:7)
  5 iguanas
  3 orc wizards
  A hound skeleton (D:5)
  A mummy (D:11)
  11 adders
  3 gnolls (D:10)
  A howler monkey skeleton (D:6)
  2 shadow imps
  A white imp (D:8)
  3 ufetubi
  A worm (D:2)
  3 dart slugs
  23 orcs
  6 ball pythons
  7 bats
  4 endoplasms (D:2)
  2 giant cockroaches
  6 goblins
  6 hobgoblins
  8 jackals
  9 kobolds
  5 quokkas
  4 frilled lizards
  5 rats
  3 starspawn tentacles (D:15)
475 creatures vanquished.

Vanquished Creatures (collateral kills)
  Bai Suzhen (Snake:4)
  2 tentacled starspawn (D:15)
  Kirke (D:14)
  5 nagarajas (Snake:4)
  A fire dragon (Lair:6)
  2 salamander tyrants
  8 hydras
  9 naga warriors
  4 boulder beetles
  A centaur warrior (D:15)
  A dancing weapon (D:13)
  2 two-headed ogres
  6 anacondas
  A death yak (Lair:3)
  A tengu warrior (D:15)
  9 naga sharpshooters
  2 shock serpents
  5 sea snakes (Snake:4)
  2 salamander mystics (Snake:1)
  4 naga ritualists
  A lindwurm (Lair:6)
  3 wizards (D:15)
  5 ugly things
  A deep elf pyromancer (D:15)
  3 cyclopes
  5 mana vipers
  4 orc sorcerers
  20 salamanders
  A manticore (D:15)
  Maurice (D:9)
  7 elephants
  4 torpor snails
  10 naga magi
  5 guardian serpents
  2 gargoyles
  21 black mambas
  An unseen horror (D:11)
  9 cane toads
  3 rime drakes (Lair:6)
  3 freezing wraiths
  4 komodo dragons
  2 yaktaurs (D:15)
  4 hornets
  A tyrant leech (Lair:6)
  2 trolls
  2 polar bears (Lair:5)
  17 blink frogs
  6 slime creatures
  3 dream sheep (Lair:4)
  A wraith (D:12)
  A wyvern (Lair:3)
  24 yaks
  2 basilisks
  3 vampire mosquitoes
  2 wargs
  26 nagas
  8 water moccasins
  An acid dragon (D:9)
  6 orc warriors
  A black bear (Lair:3)
  4 wolves
  An ogre (Orc:2)
  A centaur (D:12)
  2 bullfrogs
  A gnoll sergeant (D:10)
  11 killer bees
  5 wights
  7 howler monkeys
  An electric eel (Lair:5)
  7 centaur zombies
  2 starcursed masses (D:15)
  5 orc priests
  An iguana (Lair:6)
  10 orc wizards
  A howler monkey zombie (D:9)
  2 gnolls (D:10)
  13 orcs
  A starspawn tentacle (D:15)
367 creatures vanquished.

Vanquished Creatures (others)
  2 orc warlords (Snake:4)
  9 orc knights
  2 orc high priests (Snake:1)
  2 orc sorcerers
  3 humans (D:14)
  18 orc warriors
  10 orc priests
  23 orc wizards
  An iguana (Lair:6)
  42 orcs
  A goblin (D:4)
  A ball python (D:4)
  81 fungi
  128 plants
  A starspawn tentacle (D:15)
  5 withered plants (D:11)
329 creatures vanquished.

Grand Total: 1171 creatures vanquished

Notes
Turn   | Place    | Note
-------+----------+-------------------------------------------
     0 | D:1      | CryoSword the Hill Orc Monk began the quest for the Orb.
     0 | D:1      | Reached XP level 1. HP: 19/19 MP: 1/1
   187 | D:1      | Reached XP level 2. HP: 18/27 MP: 2/2
   624 | D:1      | Gained mutation: You are strong-willed. (Will+) [potion of
                  | mutation]
   624 | D:1      | Gained mutation: Your spells are a little easier to cast,
                  | but a little less powerful. [potion of mutation]
   624 | D:1      | Gained mutation: You tend to lose your temper in combat.
                  | [potion of mutation]
   636 | D:1      | Lost mutation: You are strong-willed. (Will+) [potion of
                  | mutation]
   636 | D:1      | Lost mutation: Your spells are a little easier to cast, but
                  | a little less powerful. [potion of mutation]
   636 | D:1      | Gained mutation: Your mind is acute. (Int +2) [potion of
                  | mutation]
   636 | D:1      | Gained mutation: Your muscles are strong. (Str +2) [potion
                  | of mutation]
   636 | D:1      | Gained mutation: You are occasionally teleported next to
                  | monsters. [potion of mutation]
   667 | D:1      | Reached XP level 3. HP: 33/33 MP: 3/3
  1321 | D:2      | Reached skill level 5 in Axes
  1392 | D:2      | Reached XP level 4. HP: 37/40 MP: 4/4
  2443 | D:3      | Reached XP level 5. HP: 31/47 MP: 5/5
  2913 | D:3      | Reached skill level 6 in Axes
  2964 | D:3      | Identified the +4 quarterstaff "Erofu" {venom, rF+}
  3294 | D:4      | Became a worshipper of Beogh the Brigand
  3294 | D:4      | Reached * piety under Beogh
  3294 | D:4      | Reached ** piety under Beogh
  3295 | D:4      | Noticed duchin's ghost (amateur HOFi)
  3295 | D:4      | Noticed a kobold brigand
  3301 | D:4      | Found a runed translucent gate.
  3301 | D:4      | Found a runed translucent gate.
  3302 | D:4      | Found a runed translucent gate.
  3378 | D:4      | Reached XP level 6. HP: 32/55 MP: 6/6
  3613 | D:4      | Reached skill level 5 in Fighting
  3761 | D:4      | Found Xetheub's Assorted Antiques.
  3769 | D:4      | Bought a scroll labelled GYFEZ TAESH for 29 gold pieces
  3769 | D:4      | Bought a scroll labelled BOXKENW CEKK for 29 gold pieces
  4093 | D:5      | Entered Level 5 of the Dungeon
  4098 | D:5      | Reached skill level 7 in Axes
  4313 | D:5      | Noticed a black bear
  4323 | D:5      | Killed a black bear
  4324 | D:5      | Reached XP level 7. HP: 51/61 MP: 4/7
  4384 | D:5      | Reached skill level 8 in Axes
  4921 | D:5      | Reached skill level 9 in Axes
  4921 | D:5      | Reached XP level 8. HP: 52/70 MP: 5/8
  5077 | D:5      | Identified the +9 mace of the Spider Nest {freeze, rElec
                  | Will- Str+2}
  5490 | D:6      | Noticed Sigmund
  5499 | D:6      | Killed Sigmund
  5500 | D:6      | Reached skill level 10 in Axes
  5684 | D:6      | Noticed Edmund
  5691 | D:6      | Killed Edmund
  5692 | D:6      | Reached skill level 5 in Dodging
  5738 | D:6      | Found a snail-covered altar of Cheibriados.
  5782 | D:6      | Noticed Eustachio
  5801 | D:6      | Killed Eustachio
  5802 | D:6      | Reached skill level 11 in Axes
  5802 | D:6      | Reached skill level 1 in Invocations
  5802 | D:6      | Reached XP level 9. HP: 59/79 MP: 9/9
  6628 | D:7      | Noticed Prince Ribbit
  6672 | D:7      | Reached *** piety under Beogh
  6960 | D:7      | Killed Prince Ribbit
  7387 | D:7      | Found a staircase to the Ecumenical Temple.
  7393 | D:7      | Noticed Menkaure
  7398 | D:7      | Killed Menkaure
  7526 | D:8      | Found a staircase to the Lair.
  7544 | D:8      | Reached skill level 12 in Axes
  8376 | D:8      | Reached **** piety under Beogh
  8487 | D:8      | Gained Korbok as an ally
  8884 | Lair:1   | Entered Level 1 of the Lair of Beasts
  8884 | Lair:1   | Noticed a cane toad
  8884 | Lair:1   | Noticed a seven-headed hydra
  8885 | Lair:1   | Noticed a cane toad
  8898 | D:9      | Noticed Maurice
  8902 | D:9      | Noticed a hornet
  8904 | D:9      | Paralysed by Maurice for 5 turns
  8905 | D:9      | Killed Maurice
  8906 | D:9      | Reached skill level 5 in Invocations
  8906 | D:9      | Reached XP level 10. HP: 90/90 MP: 10/13
  8958 | D:9      | Reached skill level 13 in Axes
  9670 | D:4      | Bought a battleaxe for 188 gold pieces
 10179 | D:10     | Entered Level 10 of the Dungeon
 10236 | D:10     | Found a staircase to the Orcish Mines.
 10249 | D:10     | Identified 2 scrolls of acquirement
 10249 | D:10     | Acquired the ring of Cimen {rF+ rC+ Will+ rCorr}
 10251 | D:10     | Acquired a +2 antimagic executioner's axe
 10273 | D:10     | Gained Milork as an ally
 10303 | D:10     | Noticed a brown ugly thing
 10304 | D:10     | Reached ***** piety under Beogh
 10310 | D:10     | Killed a brown ugly thing
 10669 | D:10     | Noticed a vault guard
 10676 | D:10     | Killed a vault guard
 10744 | D:10     | Found a portal to a secret trove of treasure.
 10957 | D:11     | Killed an unseen horror
 10963 | D:11     | Noticed an unseen horror
 10975 | D:11     | Killed an unseen horror
 10976 | D:11     | Reached skill level 14 in Axes
 10997 | D:11     | Reached XP level 11. HP: 76/99 MP: 4/17
 11401 | D:11     | Noticed a two-headed ogre
 11403 | D:11     | Killed a two-headed ogre
 11404 | D:11     | Reached skill level 10 in Fighting
 11471 | D:11     | Noticed a cyclops
 11477 | D:11     | Killed a cyclops
 12076 | D:8      | Killed a nine-headed hydra
 12077 | D:8      | Reached skill level 15 in Axes
 12254 | Lair:1   | Reached skill level 10 in Invocations
 12442 | Lair:1   | Noticed a seven-headed hydra
 12444 | Lair:1   | Noticed a seven-headed hydra
 12449 | Lair:1   | Killed a seven-headed hydra
 12455 | Lair:1   | Killed a six-headed hydra
 12845 | D:4      | Bought a transparent helmet for 275 gold pieces
 12845 | D:4      | Identified the +0 helmet "Jiover" {rElec rF+ Int+5} (You
                  | bought it in a shop on level 4 of the Dungeon)
 13228 | Lair:1   | Reached XP level 12. HP: 70/108 MP: 20/20
 13994 | Lair:2   | Reached skill level 16 in Axes
 14442 | Lair:2   | Gained Morguth as an ally
 15226 | Lair:3   | Reached skill level 1 in Armour
 15226 | Lair:3   | Found a staircase to the Snake Pit.
 15603 | Lair:3   | Reached skill level 17 in Axes
 15621 | Lair:3   | Noticed a boulder beetle
 15622 | Lair:3   | Noticed a seven-headed hydra
 15623 | Lair:3   | Noticed a death yak
 15623 | Lair:3   | Noticed a death yak
 15628 | Lair:3   | Killed a six-headed hydra
 15633 | Lair:3   | Killed a boulder beetle
 15634 | Lair:3   | Killed a death yak
 15635 | Lair:3   | Reached XP level 13. HP: 93/116 MP: 16/22
 15980 | Lair:3   | Found a staircase to the Swamp.
 16731 | Lair:4   | Gained Oreg as an ally
 16732 | Lair:4   | Reached skill level 5 in Armour
 17494 | Lair:4   | Noticed Sonja
 17498 | Lair:4   | Killed Sonja
 18288 | Lair:5   | Acquired 831 gold pieces
 18496 | D:4      | Bought a fine plate armour for 812 gold pieces
 18496 | D:4      | Identified the +4 plate armour of Haeser Sasmy {rC+ Will+}
                  | (You bought it in a shop on level 4 of the Dungeon)
 18730 | Lair:5   | Found a viscous altar of Jiyva.
 18730 | Lair:5   | Found a staircase to the Slime Pits.
 19538 | Lair:6   | Entered Level 6 of the Lair of Beasts
 19792 | Lair:6   | Reached skill level 18 in Axes
 20026 | Lair:2   | Identified the +1 scale mail "Odytock" {rF+ rC+ Slay+3}
 20266 | Lair:6   | Found an ornate altar of the Wu Jian Council.
 20696 | Lair:6   | Reached skill level 1 in Shields
 20814 | Lair:6   | Noticed a fire dragon
 20823 | Lair:6   | Killed a fire dragon
 20823 | Lair:6   | Gained Nordag as an ally
 20828 | Lair:6   | Reached ****** piety under Beogh
 21188 | Lair:6   | Found a runed translucent door.
 21198 | Lair:6   | Your ally Korbok died
 21206 | Lair:6   | Noticed a fire dragon
 21231 | Lair:6   | Reached XP level 14. HP: 127/127 MP: 24/24
 21661 | Lair:6   | Paralysed by a hornet for 2 turns
 21667 | Lair:6   | Paralysed by a hornet for 1 turns
 22679 | D:12     | Reached skill level 15 in Invocations
 23320 | D:12     | Found Caonty's Antique Weapon Emporium.
 23622 | D:13     | Found a runed translucent door.
 23625 | D:13     | Noticed Rytynyca's ghost (journeyman GrEE)
 23625 | D:13     | Identified the +7 spear of the Stoat {vamp, Dex+2}
 23894 | D:13     | Gained Bogward as an ally
 24040 | D:13     | Found a gate to the Vaults.
 24266 | D:13     | Found a shimmering blue altar of Sif Muna.
 24407 | D:14     | Found Kumpiresi's Antique Weapon Emporium.
 24477 | D:14     | Gained Syrus as an ally
 24478 | D:14     | Reached skill level 19 in Axes
 24527 | D:14     | Found Souseroigh's Jewellery Shoppe.
 24569 | D:14     | Noticed Kirke
 24570 | D:14     | Noticed Josephine
 24583 | D:14     | Killed Kirke
 24595 | D:14     | Killed Josephine
 25247 | D:14     | Identified the +2 chain mail of the Hippo {Rampage Str+2}
 25551 | D:14     | Found Dualy's Distillery.
 25560 | D:14     | Bought a potion of invisibility for 112 gold pieces
 25560 | D:14     | Bought a potion of haste for 140 gold pieces
 25560 | D:14     | Bought a potion of heal wounds for 70 gold pieces
 25560 | D:14     | Bought a potion of haste for 140 gold pieces
 25657 | D:15     | Entered Level 15 of the Dungeon
 25847 | D:15     | Got Hisubol's Grimoire of Noxious Heat
 26006 | D:15     | Found a staircase to the Depths.
 26239 | D:15     | Found a one-way gate to the infinite horrors of the Abyss.
 26254 | D:15     | Reached XP level 15. HP: 123/135 MP: 27/27
 26254 | D:15     | Found a corrupted altar of Lugonu.
 26257 | D:15     | Noticed a tentacled starspawn
 26265 | D:15     | Killed a tentacled starspawn
 26266 | D:15     | Found a corrupted altar of Lugonu.
 26270 | D:15     | Found the +8 demon trident "Rift" {distort, reach+}
 26299 | D:15     | Noticed a tentacled starspawn
 26304 | D:15     | Killed a tentacled starspawn
 26830 | D:15     | Noticed Gosau's ghost (journeyman DsGl)
 26900 | D:15     | Found a transporter.
 26915 | D:15     | Found a transporter.
 26933 | D:15     | Reached skill level 5 in Shields
 27709 | Orc:1    | Entered Level 1 of the Orcish Mines
 27818 | Orc:1    | Found a dark tunnel.
 27839 | Volcano  | Entered a volcano
 27896 | Volcano  | Reached skill level 10 in Armour
 27990 | Volcano  | Found a radiant altar of Vehumet.
 28336 | Orc:2    | Entered Level 2 of the Orcish Mines
 28370 | Orc:2    | Found Mollerch's Self-Improvement Boutique.
 28691 | Orc:2    | Gained Bogrim as an ally
 28696 | Orc:2    | Found Ibuuleugh's Magic Scroll Shop.
 28696 | Orc:2    | Found Kepetees's Jewellery Boutique.
 28704 | Orc:2    | Found Dosirch's Assorted Antiques.
 28704 | Orc:2    | Found Fatug's General Store.
 28815 | Orc:2    | Bought a scroll of identify for 60 gold pieces
 28815 | Orc:2    | Bought a potion of heal wounds for 150 gold pieces
 28815 | Orc:2    | Bought a potion of might for 120 gold pieces
 28815 | Orc:2    | Bought an ivory war axe for 255 gold pieces
 28815 | Orc:2    | Identified the +6 war axe of Evil {vorpal, Will+} (You
                  | bought it in a shop on level 2 of the Orcish Mines)
 28815 | Orc:2    | Bought a potion of haste for 300 gold pieces
 28890 | Orc:2    | Gained Orik as an ally
 28892 | Orc:2    | Noticed an orc warlord
 28986 | Orc:2    | Found a staircase to the Elven Halls.
 30093 | Snake:1  | Entered Level 1 of the Snake Pit
 30144 | Snake:1  | Your ally Bogrim died
 30147 | Snake:1  | Gained Hawl as an ally
 30170 | Snake:1  | Found a frozen archway.
 30180 | Snake:1  | Gained Oruk as an ally
 30216 | Snake:1  | Your ally Orik died
 30224 | Snake:1  | Your ally Syrus died
 30232 | Snake:1  | Your ally Oreg died
 30240 | Snake:1  | Reached skill level 20 in Axes
 30445 | Snake:1  | Your ally Milork died
 30454 | IceCv    | Entered an ice cave
 30633 | IceCv    | Lost mutation: You tend to lose your temper in combat.
                  | [potion of mutation]
 30633 | IceCv    | Lost mutation: Your mind is acute. (Int +2) [potion of
                  | mutation]
 30633 | IceCv    | Lost mutation: Your muscles are strong. (Str +2) [potion of
                  | mutation]
 30633 | IceCv    | Gained mutation: Your spells are a little easier to cast,
                  | but a little less powerful. [potion of mutation]
 30633 | IceCv    | Gained mutation: You have large cloven feet. [potion of
                  | mutation]
 30633 | IceCv    | Gained mutation: You are partially covered in iridescent
                  | scales. (AC +2) [potion of mutation]
 31345 | IceCv    | Reached XP level 16. HP: 67/145 MP: 28/28
 33360 | Orc:2    | Bought the ring of Summer {rF+ rC+ Will+ Int+4} for 652
                  | gold pieces
 33558 | Snake:1  | Your ally Bogward died
 33982 | Snake:1  | Gained Boderik as an ally
 34945 | Snake:2  | Your ally Hawl died
 37527 | Snake:3  | Found a broken altar of Ashenzari.
 37680 | Snake:3  | Reached skill level 15 in Fighting
 38187 | Snake:4  | Entered Level 4 of the Snake Pit
 38539 | Snake:4  | Noticed a nagaraja
 38544 | Snake:4  | Killed a nagaraja
 38550 | Snake:4  | Noticed a nagaraja
 38552 | Snake:4  | HP: 7/149 [constriction (3)]
 38553 | Snake:4  | Killed a nagaraja
 38554 | Snake:4  | Noticed a nagaraja
 38557 | Snake:4  | Killed a nagaraja
 38558 | Snake:4  | Reached XP level 17. HP: 56/156 MP: 23/30
 38610 | Snake:4  | Noticed Bai Suzhen
 38616 | Snake:4  | Your ally Nordag died
 38620 | Snake:4  | HP: 4/156 [stone wall collision (19)]
 38622 | Snake:4  | Killed Bai Suzhen
 38641 | Snake:4  | Gained Jorge as an ally
 38650 | Snake:4  | Your ally Oruk died
 38650 | Snake:4  | HP: 6/156 [shock serpent/bolt of electricity (8)]
 38652 | Snake:4  | Your ally Jorge died
 38652 | Snake:4  | Your ally Boderik died
 38653 | Snake:4  | Killed from afar by a nagaraja

Illustrated notes

Levels and vault maps discovered:
D:1:      roderic_octagonal_star, layout_basic
D:2:      layout_loops_ring, minmay_quantized
D:3:      layout_basic
D:4:      layout_cave_pools, serial_shops, kennysheep_little_box,
          gammafunk_ghost_split
D:5:      layout_basic, minmay_starry_boxes
D:6:      layout_cave_pods, mainiacjoe_overflow_small_starburst, uniq_edmund,
          uniq_sigmund, uniq_eustachio
D:7:      layout_rooms, temple_doors_cd, uniq_menkaure, uniq_prince_ribbit1
D:8:      layout_basic, lair_entry_dummy
D:9:      layout_big_octagon, uniq_maurice
D:10:     layout_layer_cave, david_orc_3, enter_trove_5
D:11:     layout_cave_pools, serial_undead, serial_undead_e, serial_undead_a,
          serial_undead_e, serial_undead_e, serial_undead_c, serial_undead_d
D:12:     layout_gridville, serial_shops, shop
D:13:     layout_cave_pools, erik_vaults_1, ebering_ghost_funeral_grove,
          nicolae_sif_muna_little_library
D:14:     layout_basic, infiniplex_staircase_zigzag_1, serial_shops, shop,
          nicolae_shop_hallway_stairs, nicolae_shop_advertising_works
          [nicolae_subvault_shop_adworks], uniq_kirke, uniq_josephine
D:15:     hangedman_depths_entry_civil_slaughter, layout_long_grid,
          chequers_decorated_corner, gammafunk_ghost_mausoleum,
          hellmonk_guarded_unrand_rift
Lair:1:   layout_regular_city
Lair:2:   layout_cave_pods, st_stairs_12, mumra_transporter_accident,
          grunt_megastairs_4
Lair:3:   layout_gridlike, swamp_mist, dummy_snake_entry,
          chequers_serial_rivers_marsh, small_statue_intersection,
          infiniplex_staircase_pool
Lair:4:   layout_cave_pods, uniq_sonja
Lair:5:   layout_layer_cave, slime_altar_1, wad_woods_river_01,
          infiniplex_staircase_pool_2
Lair:6:   wormcave, layout_long_grid, guppyfry_lair_end_dragon, basic_altar
Snake:1:  layout_rooms, portal_ice_cave_entry_frozen_things,
          nicolae_snake_salamander_fort
Snake:2:  layout_honeycomb, nicolae_elevator_lobby_asterisk,
          serial_bayou_shore_b
Snake:3:  layout_gridlike, basic_altar
Snake:4:  grunt_snake_rune_pools, layout_cave_town, grunt_megastairs_1,
          serial_bayou_shore_a, uniq_bai_suzhen
Orc:1:    layout_diamond_mine, nicolae_volcano_entry_lava_flow, nooodl_orcs_dogs
Orc:2:    st_orc_mages, layout_diamond_mine, nicolae_shop_self_help

Skill      XL: |  1  2  3  4  5  6  7  8  9 10 11 12 13 14 15 16 17 |
---------------+----------------------------------------------------+-----
Fighting       | 4 5 6 7 8 9 10 11 12 13 15 | 15.4
Stealth        | 2 |  2.0
Axes           | 5 6 7 9 11 12 14 15 17 18 19 20 | 20.7
Dodging        | 3 4 5 6 7 8 9 |  9.0
Invocations    | 1 5 8 11 13 14 16 17 18 | 18.9
Armour         | 3 7 9 11 13 14 | 14.2
Shields        | 1 4 7 9 |  9.8

Action                   |  1- 3 |  4- 6 |  7- 9 | 10-12 | 13-15 | 16-18 || total
-------------------------+-------+-------+-------+-------+-------+-------++-------
Melee: Hand axe          |    27 |       |       |       |       |       ||    27
       Whip              |    77 |   203 |    76 |       |       |       ||   356
       Punch             |     1 |     1 |       |     1 |     2 |       ||     5
       Mace              |       |       |   126 |    30 |       |       ||   156
       Executioner's axe |       |       |       |    72 |       |       ||    72
       Battleaxe         |       |       |       |     5 |       |       ||     5
       Broad axe         |       |       |       |   134 |   712 |   324 ||  1170
       Unarmed           |       |       |       |       |     1 |       ||     1
Throw: Boomerang         |       |       |       |       |       |     1 ||     1
Invok: Convert to Beogh  |       |     1 |       |       |       |       ||     1
       Recall Orcish Fol |       |       |     1 |    10 |    19 |    18 ||    48
       Smiting           |       |       |       |    11 |     6 |     2 ||    19
       Give Item to Name |       |       |       |       |     4 |     2 ||     6
Evoke: Wand              |       |       |       |     2 |     5 |       ||     7
  Use: Scroll            |     2 |     1 |     9 |     6 |    16 |     2 ||    36
       Potion            |     2 |       |     1 |       |    12 |     6 ||    21
 Stab: Sleeping          |     7 |     2 |       |       |       |       ||     9
       Distracted        |       |       |       |     4 |     9 |     7 ||    20
Armor: Robe              |    25 |       |       |       |       |       ||    25
       Leather armour    |     6 |    41 |       |       |       |       ||    47
       Scale mail        |       |    64 |    93 |    12 |       |       ||   169
       Plate armour      |       |       |       |   194 |   442 |   134 ||   770
       Fire dragon scale |       |       |       |       |    38 |       ||    38
       Chain mail        |       |       |       |       |       |    50 ||    50
Dodge: Dodged            |    67 |   113 |   133 |   131 |   280 |   141 ||   865
Block: Buckler           |       |       |       |       |   106 |    98 ||   204
